 Dungeon Crawl Stone Soup version 0.21.1-1-g345015f (webtiles) character file.

3602 lorenzova the Thaumaturge (level 9, -1/45 HPs)
             Began as a Deep Elf Conjurer on July 24, 2018.
             Was a Believer of Vehumet.
             Slain by an ice beast (12 damage)
             ... on level 8 of the Dungeon.
             The game lasted 00:23:24 (10433 turns).

lorenzova the Thaumaturge (Deep Elf Conjurer)      Turns: 10433, Time: 00:23:26

Health: -1/45      AC:  6    Str:  5    XL:     9   Next: 86%
Magic:  4/27       EV: 12    Int: 24    God:    Vehumet [**....]
Gold:   502        SH:  0    Dex: 15    Spells: 21/32 levels left

rFire    . . .     SeeInvis .   O - staff of conjuration
rCold    . . .     Gourm    .   (no shield)
rNeg     . . .     Faith    .   K - +3 leather armour
rPois    .         Spirit   .   (no helmet)
rElec    .         Reflect  .   (no cloak)
rCorr    .         Harm     .   (no gloves)
MR       .....                  (no boots)
Stlth    ++........             i - amulet of regeneration
HPRegen  0.55/turn              (no ring)
MPRegen  0.20/turn              (no ring)

@: no status effects
A: no striking features
a: Renounce Religion


You were on level 8 of the Dungeon.
You worshipped Vehumet.
Vehumet was pleased with you.
You were not hungry.

You visited 2 branches of the dungeon, and saw 9 of its levels.
You also visited: Sewer and Ossuary.

You collected 502 gold pieces.

Inventory:

Hand Weapons
 g - a +0 dagger of electrocution
 x - a +2 falchion of slicing
Armour
 a - a +0 robe
 f - a cursed +1 ring mail
 K - a +3 leather armour (worn)
Magical Staves
 O - an uncursed staff of conjuration (weapon)
Jewellery
 i - an amulet of regeneration (around neck)
 N - an uncursed ring of ice
Wands
 y - a wand of paralysis (17)
 C - a wand of enslavement (12)
 I - a wand of iceblast (5)
 L - a wand of polymorph (14)
Scrolls
 d - 3 scrolls of amnesia
 e - a scroll of noise
 n - 3 scrolls of fog
 p - 4 scrolls of teleportation
 q - 4 scrolls of fear
 r - 3 scrolls of blinking
 s - a scroll of enchant armour
 t - 2 scrolls of magic mapping
 u - a scroll of immolation
 P - a scroll of enchant weapon {unknown}
Potions
 h - 4 potions of mutation
 j - 4 potions of heal wounds
 k - 3 potions of ambrosia
 m - 4 potions of haste
 o - 2 potions of brilliance {unknown}
 w - a potion of flight
 A - a potion of might
 B - a potion of invisibility
 D - a potion of magic {unknown}
 E - 4 potions of curing {unknown}
 F - a potion of resistance
 G - a potion of agility {unknown}
 H - 2 potions of degeneration {unknown}
 M - 2 potions of lignification
Books
 b - a book of Conjurations

   Spells                             Type                      Level
   a - Magic Dart                     Conjuration                  1
   b - Searing Ray                    Conjuration                  2
   c - Dazzling Spray                 Conjuration/Hexes            3
   d - Fulminant Prism                Conjuration/Hexes            4
   e - Force Lance                    Conjuration/Translocation    4
   f - Iskenderun's Mystic Blast      Conjuration                  4
 v - a book of Transfigurations

   Spells                             Type                      Level
   a - Irradiate                      Conjuration/Transmutation    5
   b - Statue Form                    Transmutation/Earth          6
   c - Hydra Form                     Transmutation                6
   d - Dragon Form                    Transmutation                7
 z - a book of Necromancy

   Spells                             Type                      Level
   a - Pain                           Necromancy                   1
   b - Animate Skeleton               Necromancy                   1
   c - Vampiric Draining              Necromancy                   3
   d - Regeneration                   Charms/Necromancy            3
   e - Animate Dead                   Necromancy                   4
   f - Borgnjor's Vile Clutch         Necromancy/Earth             5
 J - a book of Maledictions

   Spells                             Type                      Level
   a - Corona                         Hexes                        1
   b - Ensorcelled Hibernation        Hexes/Ice                    2
   c - Confuse                        Hexes                        3
   d - Tukima's Dance                 Hexes                        3
   e - Dazzling Spray                 Conjuration/Hexes            3
Comestibles
 c - 24 rations
 l - 3 chunks of flesh


   Skills:
 - Level 2.4 Dodging
 - Level 2.4 Stealth
 * Level 12.1 Spellcasting
 * Level 10.8 Conjurations
 + Level 7.2 Hexes


You had 21 spell levels left.
You knew the following spells:

 Your Spells              Type           Power        Failure   Level  Hunger
a - Magic Dart            Conj           ####         1%          1    None
b - Searing Ray           Conj           ######       1%          2    None
c - Iskenderun's Mystic   Conj           #######.     1%          4    None
d - Fulminant Prism       Conj/Hex       ######....   1%          4    None


Dungeon Overview and Level Annotations

Branches:
Dungeon (8/15)             Temple (1/1) D:4
   Lair: D:8-11

Altars:
Ashenzari
Cheibriados
Fedhas
Kikubaaqudgha
Makhleb
Nemelex Xobeh
Okawaru
Qazlal
Ru
Trog
Vehumet
Wu Jian
Yredelemnul
Zin
The Shining One

Shops:
D:5 *


Message History

The ice beast barely misses you.
Casting: Iskenderun's Mystic Blast
Confirm with . or Enter, or press ? or * to list all spells.
Aiming: Magic Dart
Press: ? - help, Shift-Dir - straight line, f - ice beast
Aim: an ice beast (severely wounded)
You feel a surge of power!
The magic dart hits the ice beast.
The ice beast is almost dead.
The ice beast closely misses you.
Casting: Magic Dart
Confirm with . or Enter, or press ? or * to list all spells.
Aiming: Magic Dart
Press: ? - help, Shift-Dir - straight line, f/p - ice beast
Aim: an ice beast (almost dead)
You feel a surge of power!
The magic dart hits the ice beast.
The ice beast is almost dead.
The ice beast hits you.
* * * LOW HITPOINT WARNING * * *
The ice beast freezes you!
You die...

#.........#
#....(.)<.#
#.........#
##..#######
#### ##..#
#.[.##()##
#...#...#
#......##
#..Y@.##
.......###
...##.# #
#.. .[)
.... ....
....


You could see an ice beast.

Vanquished Creatures
  A two-headed ogre (D:6)
  A wraith (Ossuary)
  Eustachio (D:4)
  An orc warrior (D:7)
  A sky beast (D:6)
  2 ogres (D:6)
  A phantom (D:4)
  3 centaurs
  7 big kobolds (Sewer)
  3 bullfrogs (D:6)
  2 electric eels (D:6)
  A howler monkey (D:6)
  2 crimson imps
  2 hounds (D:4)
  A centaur skeleton (D:4)
  7 orc priests
  A jelly (D:6)
  Ijyb (D:4)
  10 orc wizards
  5 worker ants
  A killer bee zombie (D:6)
  A hound skeleton (D:6)
  A mummy (Ossuary)
  2 worker ant zombies
  6 gnolls (D:6)
  11 adders
  A shadow imp (D:5)
  3 oozes
  3 adder zombies
  4 worms (Sewer)
  8 leopard geckos
  23 orcs
  11 bats
  5 giant cockroaches
  8 goblins
  5 hobgoblins
  2 jackals (D:3)
  6 quokkas
  3 ball pythons
  A ball python zombie (D:5)
  3 frilled lizards
  4 gnoll skeletons (Ossuary)
  12 kobolds
  7 kobold skeletons (Ossuary)
  14 orc skeletons (Ossuary)
  14 rats
212 creatures vanquished.

Vanquished Creatures (others)
  13 fulminant prisms
13 creatures vanquished.

Grand Total: 225 creatures vanquished

Notes
Turn   | Place    | Note
-------+----------+-------------------------------------------
     0 | D:1      | lorenzova the Deep Elf Conjurer began the quest for the Orb.
     0 | D:1      | Reached XP level 1. HP: 10/10 MP: 6/6
   109 | D:1      | Reached XP level 2. HP: 15/15 MP: 6/8
   113 | D:1      | Learned a level 2 spell: Searing Ray
   666 | D:1      | Reached skill level 4 in Spellcasting
   809 | D:2      | Reached skill level 5 in Conjurations
   809 | D:2      | Reached XP level 3. HP: 19/19 MP: 6/10
   940 | D:2      | Found a sacrificial altar of Ru.
  1047 | D:2      | Found a blossoming altar of Fedhas.
  1049 | D:2      | Found a sparkling altar of Nemelex Xobeh.
  1051 | D:2      | Found an ancient bone altar of Kikubaaqudgha.
  1051 | D:2      | Found an ornate altar of the Wu Jian Council.
  1578 | D:2      | Reached XP level 4. HP: 24/24 MP: 10/12
  1584 | D:2      | Learned a level 4 spell: Iskenderun's Mystic Blast
  2465 | D:3      | Reached skill level 5 in Spellcasting
  2919 | D:3      | Reached XP level 5. HP: 28/28 MP: 12/14
  3400 | D:3      | Reached skill level 6 in Spellcasting
  3466 | D:3      | Reached XP level 6. HP: 32/32 MP: 10/17
  3564 | D:3      | Learned a level 4 spell: Fulminant Prism
  3955 | D:4      | Found a glowing golden altar of the Shining One.
  4089 | D:4      | Found a glowing drain.
  4165 | Sewer    | Entered a sewer
  4192 | Sewer    | Reached skill level 7 in Spellcasting
  4192 | Sewer    | Reached skill level 1 in Hexes
  4345 | Sewer    | Reached XP level 7. HP: 36/36 MP: 10/19
  4931 | Sewer    | Reached skill level 8 in Spellcasting
  5434 | D:4      | Noticed Eustachio
  5543 | D:4      | Killed Eustachio
  5543 | D:4      | Reached XP level 8. HP: 41/41 MP: 8/22
  5545 | D:4      | Noticed Ijyb
  5566 | D:4      | Killed Ijyb
  5853 | D:4      | Found a staircase to the Ecumenical Temple.
  5942 | D:4      | Reached skill level 9 in Spellcasting
  5971 | Temple   | Entered the Ecumenical Temple
  6001 | Temple   | Became a worshipper of Vehumet
  6513 | D:5      | Entered Level 5 of the Dungeon
  6815 | D:5      | Found a sand-covered staircase.
  6825 | Ossuary  | Entered an ossuary
  7280 | Ossuary  | Reached * piety under Vehumet
  7280 | Ossuary  | Offered knowledge of Sting by Vehumet.
  7388 | D:5      | Found Poorhekk's Assorted Antiques.
  7440 | D:5      | Reached skill level 5 in Hexes
  7451 | D:5      | Reached skill level 10 in Spellcasting
  8249 | D:6      | Noticed a two-headed ogre
  8294 | D:6      | Killed a two-headed ogre
  8294 | D:6      | Reached skill level 11 in Spellcasting
  8294 | D:6      | Reached XP level 9. HP: 45/45 MP: 2/26
  8298 | D:6      | Reached skill level 10 in Conjurations
  9024 | D:6      | Reached ** piety under Vehumet
  9024 | D:6      | Offered knowledge of Throw Frost by Vehumet.
  9634 | D:7      | Found a burning altar of Makhleb.
 10024 | D:7      | Found the +3 sling "Punk" {acid, rCorr}
 10392 | D:8      | Reached skill level 12 in Spellcasting
 10433 | D:8      | Slain by an ice beast

Skill      XL: |  1  2  3  4  5  6  7  8  9 |
---------------+----------------------------+-----
Spellcasting   | 4 5 6 7 8 11 12 | 12.1
Conjurations   | 5 6 7 8 9 10 | 10.8
Hexes          | 1 3 6 7 |  7.2
Dodging        | |  2.4
Stealth        | |  2.4

Action                   |  1- 3 |  4- 6 |  7- 9 || total
-------------------------+-------+-------+-------++-------
Melee: Dagger            |     4 |     1 |       ||     5
       Falchion          |       |     4 |    25 ||    29
 Cast: Magic Dart        |    73 |   106 |   263 ||   442
       Searing Ray       |       |     5 |     2 ||     7
       Iskenderun's Myst |       |     5 |    49 ||    54
       Fulminant Prism   |       |     1 |    12 ||    13
  Use: Scroll            |     2 |     6 |    14 ||    22
  Eat: Chunk             |     1 |    10 |    17 ||    28
       Ration            |       |       |     1 ||     1
Armor: Robe              |     3 |     8 |       ||    11
       Leather armour    |       |       |    11 ||    11
Dodge: Dodged            |     6 |    21 |    47 ||    74
       Rpst.: Falchion   |       |     2 |     9 ||    11
